 Dungeon Crawl Stone Soup version 0.28-a0-1447-ga5a8893891 (webtiles) character file.

Game seed: 9716565591764095279

3 bladeefan the Skirmisher (level 1, -3/18 HPs)
             Began as a Demonspawn Fighter on Jan 11, 2022.
             Slain by a kobold (4 damage)
             ... on level 1 of the Dungeon.
             The game lasted 00:00:29 (116 turns).

bladeefan the Skirmisher (Demonspawn Fighter)        Turns: 116, Time: 00:00:29

Health: -3/18      AC:  6    Str: 16    XL:     1   Next: 41%
Magic:  1/1        EV:  8    Int:  9    God:
Gold:   0          SH:  4    Dex: 12    Spells: 0/0 levels left

rFire   . . .      SeeInvis .   a - +0 flail
rCold   . . .      Faith    .   c - +0 buckler
rNeg    . . .      Spirit   .   b - +0 scale mail
rPois   .          Reflect  .   (no helmet)
rElec   .          Harm     .   (no cloak)
rCorr   .          Rampage  .   (no gloves)
Will    .....                   (no boots)
Stlth   ..........              (no amulet)
HPRegen 0.06/turn               (no ring)
MPRegen 0.07/turn               (no ring)

@: mighty
A: no striking features
a: no special abilities


You were on level 1 of the Dungeon.
You visited 1 branch of the dungeon, and saw 1 of its levels.

Inventory:

Hand Weapons
 a - a +0 flail (weapon)
Armour
 b - a +0 scale mail (worn)
 c - a +0 buckler (worn)
Scrolls
 e - a scroll of teleportation {unknown}


   Skills:
 * Level 3.1 Fighting
 + Level 1.8 Maces & Flails
 + Level 2.7 Armour
 - Level 2.6 Shields


You couldn't memorise any spells.
You didn't know any spells.
Your spell library was empty.

Dungeon Overview and Level Annotations

Branches:
Dungeon (1/15)

Altars:


Message History

No target in view!
Found a stone staircase leading down.
You see here a +0 short sword.
Found a cyan potion.
A bat comes into view.
Found 22 arrows.
The bat hits you.
You hit the bat but do no damage. You block the bat's attack. The bat hits you.
The bat hits you but does no damage.
You sock the bat!
You kill the bat!
No target in view!
No target in view!
Found 15 gold pieces and a scroll labelled JASKISCH NIVVADGH.
A kobold comes into view. It is wielding a +0 short sword.
Found 2 bubbling amethyst potions.
The kobold shouts!
You hear a shout!
A kobold is nearby!
A kobold is nearby!
You see here a cyan potion.
The kobold hits you with a +0 short sword.
You closely miss the kobold.
The kobold hits you with a +0 short sword.
You completely miss the kobold.
The kobold hits you with a +0 short sword.
A kobold comes into view. It is wielding a +0 short sword.
You barely miss the kobold.
The kobold hits you with a +0 short sword.
* * * LOW HITPOINT WARNING * * *
The kobold hits you with a +0 short sword.
* * * LOW HITPOINT WARNING * * *
The kobold throws a stone.
The stone hits you but does no damage.
You see here a cyan potion.
The kobold throws a stone.
The stone hits you.
* * * LOW HITPOINT WARNING * * *
The kobold throws a stone.
You block the stone.
You see here a +0 short sword.
The kobold throws a stone.
You block the stone.
You feel very mighty all of a sudden.
The kobold hits you with a +0 short sword.
* * * LOW HITPOINT WARNING * * *
You barely miss the kobold. You hit the kobold.
You kill the kobold!
The kobold throws a stone.
The stone hits you.
* * * LOW HITPOINT WARNING * * *
You miss the kobold. The kobold closely misses you.
You barely miss the kobold. The kobold hits you but does no damage.
You closely miss the kobold.
The kobold hits you with a +0 short sword.
You die...

#.......### #...[.....#
##........# #........#
#### #K.......# ##..#
#........# ######### #...#
#K)......#
##...8...###...##
#.....####
##..8.<.8..##...@###.....#
#8.........8#...)K.......#
...8..(..8......##########
#8.........8#...#
##..8...8..##...#
##...8...###...# #########
#...# ##..# ####


You could see a kobold.

Vanquished Creatures
  A hobgoblin (D:1)
  A bat (D:1)
  2 kobolds (D:1)
4 creatures vanquished.

Notes
Turn   | Place    | Note
-------+----------+-------------------------------------------
     0 | D:1      | bladeefan the Demonspawn Fighter began the quest for the
                  | Orb.
     0 | D:1      | Reached XP level 1. HP: 18/18 MP: 1/1
   116 | D:1      | Slain by a kobold

Illustrated notes

Levels and vault maps discovered:
D:1:      erik_arrival_orb_chamber, layout_basic,
          dreamdust_ecumenical_altar_grove

Action                   || total
-------------------------++-------
Melee: Flail             ||    17
  Use: Potion            ||     1
Armor: Scale mail        ||     6
Dodge: Dodged            ||     2
Block: Buckler           ||     4

Table legend: (Time is in decaauts)
 A = Elapsed time spent in this place.
 B = Non-inter-level travel time spent in this place.
 C = Inter-level travel time spent in this place.
 D = Time resting spent in this place.
 E = Time spent auto-exploring this place.
 F = Levels seen in this place.
 G = Mean time per level.
                   A        B        C        D        E       F      G
               +--------+--------+--------+--------+--------+-----+--------+
         Total |    121 |    121 |      0 |      0 |     63 |   1 |  121.0 |
       Dungeon |    121 |    121 |      0 |      0 |     63 |   1 |  121.0 |
               +--------+--------+--------+--------+--------+-----+--------+

Top non-repeatable levels by time:
     D:1: 121 daAuts
